 Dungeon Crawl Stone Soup version 0.31.0-12-g77e489cdc1 (webtiles) character file.

Game seed: 13946567139977537284

16 RancidPinata the Sneak (level 2, 0/21 HPs)
             Began as an Octopode Delver on Feb 29, 2024.
             Succumbed to an adder's poison
             ... on level 5 of the Dungeon.
             The game lasted 00:03:51 (681 turns).

RancidPinata the Sneak (Octopode Delver)             Turns: 681, Time: 00:03:52

Health: 0/21       AC:  1    Str: 11    XL:     2   Next: 54%
Magic:  2/2        EV: 13    Int: 12    God:
Gold:   47         SH:  0    Dex: 13    Spells: 1/1 levels left

rFire   . . .        j - +0 rapier
rCold   x . .        (no shield)
rNeg    . . .        (helmet restricted)
rPois   .            (no amulet)
rElec   .            (no ring)
rCorr   .            (no ring)
SInv    .            (no ring)
Will    .....        (no ring)
Stlth   ++++         (no ring)
HPRegen 0.23/turn    (no ring)
MPRegen 0.08/turn    (no ring)
                     (no ring)

%: no passive effects
@: lethally poisoned (0 -> -2)
A: almost no armour, amphibious, 8 rings, camouflage 1, gelatinous body 1,
(nimble swimmer 1), tentacles, cold vulnerability 1
a: no special abilities


You were on level 5 of the Dungeon.
You visited 1 branch of the dungeon, and saw 3 of its levels.

You collected 47 gold pieces.

Inventory:

Hand Weapons
 a - a +0 short sword
 j - a +0 rapier (weapon)
Missiles
 i - 5 stones (quivered)
Wands
 f - a wand of digging (3)
Scrolls
 b - a scroll of fog
 c - 2 scrolls of revelation
 d - a scroll of fear
 g - 3 scrolls of identify {unknown}
Potions
 e - a potion of haste


   Skills:
 * Level 3.2 Fighting
 + Level 2.1 Short Blades
 * Level 2.4 Dodging
 + Level 6.7 Stealth


You had one spell level left.
You didn't know any spells.
Your spell library was empty.

Dungeon Overview and Level Annotations

Branches:
Dungeon (6/15)
 Temple: D:4-7

Altars:


Innate Abilities, Weirdness & Mutations

You cannot wear most types of armour.
You are amphibious.
You can wear up to eight rings at the same time.
Your skin changes colour to match your surroundings (Stealth+).
Your rubbery body absorbs attacks. (AC +1, EV +1)
((You are camouflaged when in or above water. (Stealth+)))
You have tentacles for arms and can constrict up to eight enemies at once.
You are vulnerable to cold. (rC-)


Message History

You see here a +0 rapier.
j - a +0 rapier
j - a +0 rapier (weapon)
You start waiting.
Done waiting.
Found 7 gold pieces.
You now have 47 gold pieces (gained 7).
An adder comes into view.
The adder hisses angrily.
The adder closely misses you. The adder bites you.
You are poisoned.
The adder poisons you!
You miss the adder. Your grab misses the adder.
You feel sick. The adder bites you.
You barely miss the adder. You grab the adder.
You constrict the adder, but do no damage.
You feel sick. The adder bites you.
You hit the adder.
The adder is moderately wounded.
You constrict the adder.
You feel sick. The adder bites you.
You are more poisoned.
The adder poisons you! The adder bites you.
You hit the adder.
The adder is heavily wounded.
You constrict the adder.
You feel sick. The adder bites you.
* * * LOW HITPOINT WARNING * * *
You barely miss the adder. You squeeze the adder.
You kill the adder!
* * * LOW HITPOINT WARNING * * *
You feel sick.
* * * LOW HITPOINT WARNING * * *
You feel sick.
It was a potion of mutation.
You feel extremely strange.
You feel vulnerable to cold.
* * * LOW HITPOINT WARNING * * *
You feel sick.
There is a lethal amount of poison in your body!
* * * LOW HITPOINT WARNING * * *
You feel sick.
You die...

##.#####.##..#
#.#
.............#
#.#
##.#####.##..#
#.# #.#
#.##..# #.#
#.. .)##..#
#.# ..#
#......# #>#
#.# #...#.##
#.# #h.
......#######
#.# ##
#.........@.#
#.#
#.#######.#
#.#### #.#
#....# #.#
####.# #.# #.#
#.# #.# #.#
##.## #.#
##...## #.#
#.....#


There were no monsters in sight!

Vanquished Creatures
  An adder (D:5)
  A ball python (D:4)
  An endoplasm (D:4)
  3 jackals (D:4)
6 creatures vanquished.

Notes
Turn   | Place    | Note
-------+----------+-------------------------------------------
     0 | D:5      | RancidPinata the Octopode Delver began the quest for the
                  | Orb.
     0 | D:5      | Reached XP level 1. HP: 16/16 MP: 1/1
    15 | D:5      | Noticed a bombardier beetle
    52 | D:6      | Noticed a jelly
   114 | D:6      | Noticed a jelly
   155 | D:6      | Noticed a black bear
   164 | D:6      | Noticed a jelly
   215 | D:5      | Noticed a howler monkey
   277 | D:4      | Reached XP level 2. HP: 19/21 MP: 2/2
   344 | D:5      | Noticed a scorpion
   679 | D:5      | Gained mutation: You are vulnerable to cold. (rC-) [potion
                  | of mutation]
   680 | D:5      | HP: 1/21 [poisoned by an adder]
   681 | D:5      | Succumbed to an adder's poison

Illustrated notes

Levels and vault maps discovered:
D:4:      layout_basic, mainiacjoe_overflow_paths
D:5:      layout_loops_ring, kennysheep_mini, serial_shops,
          nicolae_shop_tiny_glass, chequers_serial_rivers_micro_b,
          kennysheep_diamond, kennysheep_generic_room_5, uniq_crazy_yiuf_cottage
D:6:      layout_cave_pods, nicolae_dithmenos_the_darkroom,
          minmay_temple_entry_proselytizer, nicolae_elevator_lobby_plus,
          uniq_blork_the_orc

Action                     || total
---------------------------++-------
  Melee: Short sword       ||     9
         Tentacles         ||     5
         Constrict         ||     3
         Rapier            ||     5
    Use: Potion            ||     1
   Stab: Sleeping          ||     1
 Armour: Skin              ||     8
  Dodge: Dodged            ||     3
